 Dungeon Crawl Stone Soup version 0.25.0-26-g0c896c7088 (webtiles) character file.

Game seed: 278380170538539985

2751 lepoulpe303 the Thaumaturge (level 9, -3/44 HPs)
             Began as a Spriggan Earth Elementalist on June 30, 2020.
             Killed by divine providence
             ... invoked by an orc priest
              (17 damage)
             ... on level 6 of the Dungeon.
             The game lasted 00:28:23 (7699 turns).

lepoulpe303 the Thaumaturge (SpEE)                  Turns: 7699, Time: 00:28:24

Health: -3/44      AC:  2    Str:  4      XL:     9   Next: 41%
Magic:  20/22      EV: 21    Int: 20      God:
Gold:   351        SH:  0    Dex: 14 (16) Spells: 7/24 levels left

rFire    . . .     SeeInvis +   a - +1 short sword (venom)
rCold    . . .     Gourm    .   (shield restricted)
rNeg     . . .     Faith    .   x - +0 robe
rPois    .         Spirit   .   (helmet restricted)
rElec    .         Reflect  .   (no cloak)
rCorr    .         Harm     .   (gloves unavailable)
MR       +....                  (boots unavailable)
Stlth    ++++......             (no amulet)
HPRegen  0.14/turn              m - ring of flight
MPRegen  0.18/turn              (no ring)

@: very quick
A: very small, unfitting armour, see invisible, herbivore, speed 3, slow
metabolism 2
a: Evoke Flight


You were on level 6 of the Dungeon.
You were not hungry.

You visited 1 branch of the dungeon, and saw 6 of its levels.
You also visited: Ossuary.

You collected 351 gold pieces.

Inventory:

Hand Weapons
 a - a +1 short sword of venom (weapon)
 b - a +2 dagger of flaming
 c - a +2 dagger of speed
 D - a +2 vampiric dagger
Missiles
 k - 16 poisoned darts (quivered)
 C - 119 stones
 Q - 46 arrows
Armour
 x - a +0 robe (worn)
Jewellery
 m - a ring of flight (left hand)
Wands
 d - a wand of polymorph (7)
 A - a wand of clouds (5)
Scrolls
 g - a scroll of enchant weapon {unknown}
 i - 2 scrolls of identify
 n - a scroll of noise {unknown}
 t - 11 scrolls of teleportation
 u - 2 scrolls of fog {unknown}
 w - 6 scrolls of remove curse
 y - a scroll of amnesia {unknown}
 B - a scroll of vulnerability {unknown}
Potions
 f - a potion of mutation {unknown}
 h - 3 potions of haste
 j - a potion of stabbing {unknown}
 l - 3 potions of heal wounds
 o - a potion of ambrosia {unknown}
 p - 2 potions of magic {unknown}
 q - 3 potions of curing
 r - a potion of flight {unknown}
 s - a potion of lignification {unknown}
 v - 2 potions of berserk rage {unknown}
 z - a potion of cancellation {unknown}
Comestibles
 e - 7 rations


   Skills:
 + Level 3.1 Fighting
 + Level 4.0 Short Blades
 + Level 7.0 Dodging
 + Level 7.5 Stealth
 * Level 8.0 Spellcasting
 + Level 5.6 Transmutations
 * Level 6.3 Earth Magic


You had 7 spell levels left.
You knew the following spells:

 Your Spells              Type           Power        Failure   Level  Hunger
a - Sandblast             Erth           ####..       1%          1    None
c - Petrify               Tmut/Erth      ####....     8%          4    ###....
s - Sticks to Snakes      Tmut           ####....     1%          2    None
w - Passwall              Tmut/Erth      ####....     1%          2    None
x - Stone Arrow           Conj/Erth      ###...       7%          3    None
z - Lee's Rapid Deconstr  Erth           ####......   19%         5    #####..

Your spell library contained the following spells:

 Spells                   Type           Power        Failure   Level  Hunger
 Beastly Appendage        Tmut           ####..       1%          1    None
 Spider Form              Tmut/Pois      ###.......   8%          3    None
 Corona                   Hex            #......      9%          1    None
 Ensorcelled Hibernation  Hex/Ice        #.....       13%         2    None
 Blade Hands              Tmut           ####......   22%         5    #####..
 Confusing Touch          Hex            #.......     26%         3    None
 Dazzling Flash           Conj/Hex       #.....       26%         3    None
 Tukima's Dance           Hex            #.......     26%         3    None
 Ice Form                 Ice/Tmut       ###.....     26%         4    ###....


Dungeon Overview and Level Annotations

Branches:
Dungeon (6/15)            Ossuary (visited)
 Temple: D:4-7

Altars:
Cheibriados
Fedhas
Hepliaklqana
Okawaru
Trog
Zin
The Shining One


Innate Abilities, Weirdness & Mutations

You are very small and have problems with some larger weapons.
You are too small for most types of armour.
You have supernaturally acute eyesight. (SInv)
You are a herbivore.
You cover ground extremely quickly.
You need to consume almost no food.


Message History

MP restored: 22 You start resting.
An orc priest comes into view. It is wielding a +0 dagger.
You regained 3 hp, and now have 23/44 hp.
Aim: an orc priest, wielding a +0 dagger and wearing a +0 leather armour (wandering, hasn't noticed you)
The blast of sand hits the orc priest!
The orc priest shouts!
C - 120 stones The orc priest invokes the aid of Beogh against you.
Beogh smites you!
* * * LOW HITPOINT WARNING * * *
You take 9 damage, and have 14/44 hp.
MASSIVE DAMAGE!!
You now have 21/22 mp.
Aim: an orc priest, wielding a +0 dagger and wearing a +0 leather armour (heavily wounded)
The blast of sand hits the orc priest.
C - 119 stones The orc priest calls down the wrath of Beogh upon you.
Beogh smites you!
You die...

#....# #########....#
#.......#....#
#.#####.#....# #.#
#.#....# #.# #.#....#
#.#####.#....#########
#.....................
#.#..@..#....#########
...#o############
.....#.#
#####...#######
#....>...
.....(((Z.(o.(.
#.....#.#
#..#(#..#######
#.....#.# #.%.Z...#
#....##.# #..#.#..#
... ... ...o....#
##...Z..#


You could see an orc priest.

Levels and vault maps discovered:
D:1:      psy_arrival_basics, layout_rooms
D:2:      layout_basic, kennysheep_slug_shrine, uniq_jessica
D:3:      layout_basic, zin_statuary, uniq_ijyb
D:4:      layout_basic, overflow_temple_1_default, lemuel_crystal_altar,
          lightli_temple_of_fire, cheibrodos_sewer_entry_drain,
          gup_ossuary_entry_pyramid, fedhas_bush_and_centaur_altar
D:5:      layout_loops_cross, first_ration
D:6:      layout_basic, lemuel_round_altar, minmay_temple_entry_antechambers,
          glass_columns_a

Notes
Turn   | Place    | Note
-------+----------+-------------------------------------------
     0 | D:1      | lepoulpe303 the Spriggan Earth Elementalist began the quest
                  | for the Orb.
     0 | D:1      | Reached XP level 1. HP: 9/9 MP: 5/5
    12 | D:1      | Identified a +0 club
    63 | D:1      | Identified a +0 club
    69 | D:1      | Identified a +0 club
   122 | D:1      | Identified a +0 dagger
   155 | D:1      | Identified a +0 club
   174 | D:1      | Reached skill level 3 in Spellcasting
   218 | D:1      | Reached XP level 2. HP: 11/13 MP: 2/7
   377 | D:1      | Identified a +0 dagger
   402 | D:1      | Upgraded the game from 0.25.0-15-gac7dcb8919 to
                  | 0.25.0-26-g0c896c7088
   612 | D:2      | Reached skill level 3 in Earth Magic
   643 | D:2      | Reached XP level 3. HP: 13/16 MP: 6/9
   706 | D:2      | Learned a level 2 spell: Passwall
   710 | D:2      | Learned a level 3 spell: Stone Arrow
   718 | D:2      | Found a snail-covered altar of Cheibriados.
   853 | D:2      | Identified a +0 short sword
   880 | D:2      | Identified a +0 club
   880 | D:2      | Identified a +0 robe
   880 | D:2      | Noticed Jessica
   888 | D:2      | Killed Jessica
   888 | D:2      | Reached skill level 4 in Stealth
   888 | D:2      | Reached XP level 4. HP: 14/21 MP: 6/10
  1400 | D:2      | Identified a +0 dagger
  1401 | D:2      | Identified a +0 club
  1581 | D:3      | Identified a +0 club
  1639 | D:3      | Identified 3 scrolls of random uselessness
  1642 | D:3      | Identified 2 scrolls of identify
  1642 | D:3      | Identified a +2 dagger of speed (You found it on level 3 of
                  | the Dungeon)
  1729 | D:3      | Identified a +0 club
  1729 | D:3      | Identified a +0 ring mail
  1729 | D:3      | Noticed Ijyb
  1765 | D:3      | Killed Ijyb
  1765 | D:3      | Reached skill level 4 in Dodging
  1765 | D:3      | Reached skill level 4 in Spellcasting
  1765 | D:3      | Reached skill level 2 in Transmutations
  1868 | D:3      | Found a glowing silver altar of Zin.
  1894 | D:3      | Identified a +0 dagger
  2003 | D:3      | Identified a +2 vampiric dagger
  2015 | D:3      | Reached XP level 5. HP: 15/24 MP: 9/12
  2167 | D:3      | Identified a +0 halberd
  2167 | D:3      | Identified a +0 flail
  2631 | D:4      | Identified a +0 short sword
  2631 | D:4      | Identified a +0 leather armour
  2636 | D:4      | Found a glowing golden altar of the Shining One.
  2642 | D:4      | Found a sand-covered staircase.
  2653 | Ossuary  | Entered an ossuary
  2715 | Ossuary  | Identified a ring of flight (You found it on level 2 of the
                  | Dungeon)
  2815 | Ossuary  | Reached skill level 1 in Short Blades
  2815 | Ossuary  | Reached XP level 6. HP: 18/29 MP: 6/14
  2821 | Ossuary  | Learned a level 4 spell: Petrify
  3000 | Ossuary  | Reached skill level 1 in Fighting
  3049 | Ossuary  | Reached skill level 4 in Earth Magic
  3213 | Ossuary  | Reached skill level 5 in Spellcasting
  3213 | Ossuary  | Reached skill level 3 in Transmutations
  3248 | Ossuary  | Reached skill level 5 in Stealth
  3414 | Ossuary  | Reached XP level 7. HP: 33/33 MP: 13/15
  3486 | Ossuary  | Reached skill level 5 in Dodging
  3505 | Ossuary  | Reached skill level 2 in Short Blades
  3943 | D:4      | Identified a +0 short sword
  3943 | D:4      | Identified a +0 ring mail
  3943 | D:4      | Identified a +0 dagger
  3943 | D:4      | Identified a cursed +0 robe
  4110 | D:4      | Identified a +0 leather armour
  4110 | D:4      | Identified a cursed -2 hand axe
  4110 | D:4      | Identified a +0 leather armour
  4110 | D:4      | Identified a +0 club
  4110 | D:4      | Identified a +0 ring mail
  4203 | D:4      | Identified a +2 dagger of flaming (You found it on level 4
                  | of the Dungeon)
  4240 | D:4      | Identified a +0 short sword
  4296 | D:4      | Identified a +0 giant club
  4304 | D:4      | Learned a level 5 spell: Lee's Rapid Deconstruction
  4342 | D:4      | Reached skill level 2 in Fighting
  4342 | D:4      | Reached skill level 6 in Spellcasting
  4342 | D:4      | Reached skill level 4 in Transmutations
  4372 | D:4      | Reached XP level 8. HP: 36/39 MP: 18/18
  4402 | D:4      | Found an iron altar of Okawaru.
  4402 | D:4      | Identified a +0 shortbow
  4444 | D:4      | Reached skill level 5 in Earth Magic
  4693 | D:4      | Found a blossoming altar of Fedhas.
  4723 | D:4      | Found a bloodstained altar of Trog.
  5235 | D:5      | Entered Level 5 of the Dungeon
  5394 | D:5      | Identified a +0 chain mail
  5415 | D:5      | Reached skill level 6 in Stealth
  5554 | D:5      | Identified a +0 giant club
  5554 | D:5      | Identified a +0 giant spiked club
  5554 | D:5      | Noticed a two-headed ogre
  5621 | D:5      | Killed a two-headed ogre
  5621 | D:5      | Reached skill level 3 in Short Blades
  5621 | D:5      | Reached skill level 6 in Dodging
  5621 | D:5      | Reached skill level 7 in Spellcasting
  5708 | D:5      | Reached skill level 5 in Transmutations
  6113 | D:6      | Identified a +0 shortbow
  6116 | D:6      | Reached skill level 7 in Stealth
  6116 | D:6      | Reached XP level 9. HP: 43/43 MP: 19/21
  6314 | D:6      | Reached skill level 6 in Earth Magic
  6433 | D:6      | Learned a level 2 spell: Sticks to Snakes
  6670 | D:6      | Identified 12 scrolls of teleportation
  6671 | D:6      | Identified 6 scrolls of remove curse
  6672 | D:6      | Identified a +1 short sword of venom (You found it on level
                  | 6 of the Dungeon)
  6694 | D:6      | Found a hazy altar of Hepliaklqana.
  6745 | D:6      | Identified a +3 mace
  6745 | D:6      | Identified a +0 ring mail
  6748 | D:6      | Identified a +0 dagger
  6748 | D:6      | Identified a +0 robe
  6748 | D:6      | Identified a +0 dagger
  6748 | D:6      | Identified a +0 robe
  6871 | D:6      | Identified a +0 falchion
  6871 | D:6      | Identified a +0 ring mail
  6970 | D:6      | Identified a +0 giant club
  7127 | D:6      | Reached skill level 3 in Fighting
  7130 | D:6      | Identified a +0 mace
  7130 | D:6      | Identified a +0 chain mail
  7147 | D:6      | Identified a +0 hand axe
  7147 | D:6      | Identified a +0 chain mail
  7169 | D:6      | Identified a +0 dagger
  7169 | D:6      | Identified a +0 robe
  7170 | D:6      | Identified a +0 mace
  7170 | D:6      | Identified a +0 leather armour
  7171 | D:6      | Identified a +0 club
  7198 | D:6      | Identified 3 potions of haste
  7199 | D:6      | Identified 3 potions of curing
  7200 | D:6      | Identified 3 potions of heal wounds
  7436 | D:6      | Reached skill level 7 in Dodging
  7673 | D:6      | Reached skill level 4 in Short Blades
  7673 | D:6      | Reached skill level 8 in Spellcasting
  7697 | D:6      | Identified a +0 dagger
  7697 | D:6      | Identified a +0 leather armour
  7699 | D:6      | Killed from afar by an orc priest

Table legend:
 A = Turns spent in this place as a percentage of turns spent in the entire game.
 B = Non-inter-level travel turns spent in this place as a percentage of non-inter-level travel turns spent in the entire game.
 C = Inter-level travel turns spent in this place as a percentage of turns spent in this place.
 D = Turns resting spent in this place as a percentage of non-inter-level travel turns spent in this place.
 E = Turns spent auto-exploring this place as a percentage of non-inter-level travel turns spent in this place.
 F = Non-inter-level travel turns spent in this place divided by the number of levels of this place that you've seen.
                   A       B       C       D       E      F
               +-------+-------+-------+-------+-------+----------------------
         Total | 100.0 | 100.0 |   3.9 |  32.0 |  41.5 | 1057.0
       Dungeon |  85.5 |  84.9 |   4.6 |  28.1 |  48.9 | 1047.2
       Ossuary |  14.5 |  15.1 |   0.0 |  54.1 |   0.0 | 1116.0
               +-------+-------+-------+-------+-------+----------------------

Table legend:
 A = Kills in this place as a percentage of kills in entire the game.
 B = Kills by you in this place as a percentage of kills by you in the entire game.
 C = Kills by friends in this place as a percentage of kills by friends in the entire game.
 D = Other kills in this place as a percentage of other kills in the entire game.
 E = Experience gained in this place as a percentage of experience gained in the entire game.
 F = Experience gained in this place divided by the number of levels of this place that you have seen.
                   A       B       C       D       E      F
               +-------+-------+-------+-------+-------+----------------------
         Total | 100.0 | 100.0 |   N/A | 100.0 | 100.0 | 561.4
       Dungeon |  86.8 |  86.7 |   N/A | 100.0 |  78.8 | 516.3
       Ossuary |  13.2 |  13.3 |   N/A |   0.0 |  21.2 | 832.0
               +-------+-------+-------+-------+-------+----------------------

Skill      XL: |  1  2  3  4  5  6  7  8  9 |
---------------+----------------------------+-----
Spellcasting   | 3 4 5 6 7 8 |  8.0
Earth Magic    | 3 4 5 6 |  6.3
Stealth        | 4 5 7 |  7.5
Dodging        | 4 5 6 7 |  7.0
Transmutations | 2 3 4 5 |  5.6
Short Blades   | 1 2 3 4 |  4.0
Fighting       | 1 2 3 |  3.1

Action                   |  1- 3 |  4- 6 |  7- 9 || total
-------------------------+-------+-------+-------++-------
Melee: Dagger            |    63 |    66 |   190 ||   319
       Short sword       |       |    12 |    62 ||    74
       Unarmed           |       |     7 |       ||     7
Throw: Dart              |     5 |     9 |    75 ||    89
       Stone             |       |     1 |       ||     1
 Cast: Sandblast         |    21 |    72 |    68 ||   161
       Stone Arrow       |       |       |     2 ||     2
       Sticks to Snakes  |       |       |     1 ||     1
  Use: Scroll            |       |     5 |     6 ||    11
 Stab: Sleeping          |     5 |     7 |    14 ||    26
  Eat: Ration            |       |       |     2 ||     2
Armor: Robe              |    12 |     4 |    15 ||    31
Dodge: Dodged            |    62 |    77 |   163 ||   302

Vanquished Creatures
  A two-headed ogre (D:5)
  An orc warrior (D:6)
  2 ice beasts (D:6)
  A sky beast (D:5)
  2 ogres
  A phantom (D:6)
  2 centaurs
  5 elf zombies (Ossuary)
  A water moccasin skeleton (D:6)
  A scorpion (D:5)
  A howler monkey (D:6)
  4 centaur zombies (Ossuary)
  3 human zombies (Ossuary)
  A hound (D:5)
  A quasit (D:6)
  A bullfrog skeleton (D:5)
  2 jellies (D:6)
  Jessica (D:2)
  Ijyb (D:3)
  An orc wizard (D:4)
  5 worker ants
  A killer bee zombie (D:5)
  A hound zombie (D:6)
  2 hound skeletons
  A howler monkey zombie (D:6)
  4 mummies
  4 gnolls (D:3)
  10 adders
  An adder skeleton (D:4)
  2 worms (D:4)
  2 dart slugs
  9 orcs
  4 giant cockroaches
  2 hobgoblins
  2 jackals (D:6)
  A quokka (D:5)
  2 ball pythons (D:2)
  8 bats
  5 frilled lizards
  4 goblins
  A jackal skeleton (D:5)
  7 kobolds
  3 rats
114 creatures vanquished.
